 Dungeon Crawl Stone Soup version 0.23.2-1-ga50397a (webtiles) character file.

Game seed: 12334709329287924289

50760 senseless the Peltast (level 14, -13/124 HPs)
             Began as a Minotaur Fighter on May 14, 2019.
             Was the Champion of Cheibriados.
             Mangled by a spark wasp (18 damage)
             ... on level 1 of the Depths.
             The game lasted 01:05:23 (12340 turns).

senseless the Peltast (Minotaur Fighter)           Turns: 12340, Time: 01:05:25

Health: -13/124    AC: 22    Str: 46      XL:     14   Next: 20%
Magic:  0/13       EV: 15    Int: 18 (20) God:    Cheibriados [******]
Gold:   974        SH: 30    Dex: 34      Spells: 13/13 levels left

rFire    . . .     SeeInvis +   K - +10 flail of Utsybbim {holy, *Rage +Inv rN+ Str+8}
rCold    . . .     Gourm    .   i - +2 large shield
rNeg     + . .     Faith    .   z - +2 plate armour
rPois    .         Spirit   +   (helmet restricted)
rElec    .         Reflect  .   w - +2 cloak {MR+}
rCorr    .         Harm     .   A - +0 pair of gloves
MR       ++...     Rnd*Rage +   (no boots)
Stlth    ..........             B - amulet of guardian spirit
HPRegen  0.30/turn              j - ring of see invisible
MPRegen  0.13/turn              v - +1 ring of evasion

@: about to teleport, very slow
A: retaliatory headbutt, horns 2, thin skeletal structure 1, agile 1, strong 1,
wild magic 1
a: Bend Time, Temporal Distortion, Slouch, Step From Time, Renounce Religion,
Evoke Invisibility


You were on level 1 of the Depths.
You worshipped Cheibriados.
Cheibriados was exalted by your worship.
You were not hungry.

You visited 3 branches of the dungeon, and saw 17 of its levels.

You collected 974 gold pieces.

Inventory:

Hand Weapons
 g - a +2 flail of venom
 p - a +2 scimitar of flaming
 K - the +10 flail of Utsybbim (weapon) {holy, *Rage +Inv rN+ Str+8}
   (You found it on level 14 of the Dungeon)

   It has been blessed by the Shining One to cause great damage to the undead
   and demons.
   It affects your strength (+8).
   It protects you from negative energy.
   It lets you turn invisible.
   It may make you go berserk in combat.
Armour
 i - a +2 large shield (worn)
 w - a +2 cloak of magic resistance (worn)
 z - a +2 plate armour (worn)
 A - a +0 pair of gloves (worn)
 D - a +0 plate armour
 H - +0 acid dragon scales
 I - a +2 leather armour of poison resistance
Magical Staves
 b - an uncursed staff of earth {unknown}
Jewellery
 c - an uncursed ring of wizardry
 j - a ring of see invisible (left hand)
 l - an uncursed ring of positive energy
 n - an uncursed ring of wizardry
 s - an uncursed ring of ice
 v - a +1 ring of evasion (right hand)
 B - an amulet of guardian spirit (around neck)
 J - an uncursed amulet of harm
Wands
 a - a wand of polymorph (24)
 x - a wand of paralysis (5)
 y - a wand of digging (1)
 E - a wand of enslavement (10)
 M - a wand of flame (18)
 P - a wand of scattershot (7)
Scrolls
 e - 2 scrolls of enchant weapon
 m - 4 scrolls of teleportation
 q - 4 scrolls of magic mapping
 u - a scroll of fog
 C - 3 scrolls of remove curse
 F - a scroll of identify
 N - a scroll of amnesia
Potions
 d - 3 potions of ambrosia
 h - a potion of heal wounds
 k - 2 potions of magic
 o - 2 potions of curing
 r - 2 potions of cancellation
 t - 2 potions of flight
 G - 2 potions of lignification
 L - a potion of brilliance
 O - a potion of mutation
 Q - a potion of berserk rage {unknown}
Comestibles
 f - 30 rations
 R - 2 chunks of flesh


   Skills:
 + Level 11.2 Fighting
 + Level 15.0 Maces & Flails
 + Level 11.3 Armour
 + Level 5.3 Dodging
 - Level 1.0 Stealth
 + Level 18.6 Shields
 - Level 0.5 Invocations


You had 13 spell levels left.
You didn't know any spells.
Your spell library contained the following spells:

 Spells                   Type           Power        Failure   Level  Hunger
 Animate Skeleton         Necr           N/A          91%         1    ##.....
 Pain                     Necr           #...         91%         1    ##.....
 Sandblast                Erth           #.....       91%         1    ##.....
 Summon Small Mammal      Summ           #...         91%         1    ##.....
 Call Imp                 Summ           #.......     97%         2    ###....
 Corpse Rot               Necr           N/A          97%         2    ###....
 Passwall                 Tmut/Erth      #.......     97%         2    ###....
 Slow                     Hex            #.......     97%         2    ###....
 Call Canine Familiar     Summ           #.......     99%         3    ####...
 Confuse                  Hex            #.......     99%         3    ####...
 Regeneration             Chrm/Necr      #.........   99%         3    ####...
 Stone Arrow              Conj/Erth      #.....       99%         3    ####...
 Summon Guardian Golem    Hex/Summ       #.......     99%         3    ####...
 Vampiric Draining        Necr           #.........   99%         3    ####...
 Animate Dead             Necr           N/A          100%        4    #####..
 Cause Fear               Hex            #.........   100%        4    #####..
 Fulminant Prism          Conj/Hex       #.........   100%        4    #####..
 Petrify                  Tmut/Erth      #.......     100%        4    #####..
 Summon Ice Beast         Ice/Summ       #.......     100%        4    #####..
 Summon Lightning Spire   Summ/Air       #.......     100%        4    #####..
 Lee's Rapid Deconstruct  Erth           #.........   100%        5    ######.
 Silence                  Hex/Air        #.........   100%        5    ######.
 Yara's Violent Unravell  Hex/Tmut       #.........   100%        5    ######.
 Deflect Missiles         Chrm/Air       #.........   100%        6    #######
 Discord                  Hex            #.........   100%        8    #######


Dungeon Overview and Level Annotations

Branches:
Dungeon (15/15)            Temple (1/1) D:4            Lair (0/6) D:9
    Orc (0/2) D:12         Vaults (0/5) D:14         Depths (1/5) D:15

Altars:
Ashenzari
Cheibriados
Dithmenos
Elyvilon
Fedhas
Gozag
Hepliaklqana
Kikubaaqudgha
Makhleb
Nemelex Xobeh
Okawaru
Qazlal
Ru
Sif Muna
Trog
Uskayaw
Vehumet
Wu Jian
Xom
Yredelemnul
Zin
The Shining One

Portals:
Trove: D:14 (give +6 fire dragon scales)

Annotations:
Depths:1 exclusion: orange crystal statue


Innate Abilities, Weirdness & Mutations

You reflexively headbutt those who attack you in melee.
You have a pair of horns on your head.
You have a somewhat thin skeletal structure. (Dex +2, Stealth)
You are agile. (Dex +2)
Your muscles are strong. (Str +2)
Your spells are a little harder to cast, but a little more powerful.


Message History

A spark wasp comes into view.
The fire giant casts a spell at you.
The fireball explodes!
The fireball engulfs you!!
* * * LOW HITPOINT WARNING * * *
The green very ugly thing gurgles horribly!
You hear a horrible gurgling sound!
You hear a shout! x5
As you read the scroll of teleportation, it crumbles to dust.
You feel strangely unstable. You block the spark wasp's attack.
The spark wasp bursts into living lightning!
The living lightning misses you.
The living lightning hits the spark wasp.
The spark wasp completely resists.
The spark wasp blinks! x3
You block the spark wasp's attack.
The green very ugly thing basks in the mutagenic energy from its kin and changes!
The spark wasp stings you but does no damage.
You block the spark wasp's attack. x3
A green very ugly thing comes into view.
The spark wasp barely misses you. You furiously retaliate!
You headbutt the spark wasp!! The spark wasp stings you!!
You die...

..#... .. ..c#.# ..
...##.#..## ...#! .#..
#......... ....##..#...
....)...#..
..cu(u##.....#.......#..
..(###.......#..........
.(#........#............
.(#....%u##.............
.(†##..##u......@.......
##.c.##c.u.....y.y....§.
##c.u.............C....
###.T...................
#.......................
##......................
##.............$....##..
..................... ..
..........(:?...#.%...


You could see 2 very ugly things, a fire giant and 2 spark wasps.

Vanquished Creatures
  A minotaur (D:11)
  Azrael (D:12)
  The ghost of davaitedunem the Bludgeoner, a journeyman MiBe of Trog (D:11)
  3 ogre magi
  Fannar (D:12)
  Harold (D:8)
  Erolcha (D:12)
  An ice dragon (D:15)
  3 hydras
  2 centaur warriors
  7 two-headed ogres
  A death knight (D:11)
  A deep troll shaman (D:15)
  4 slime creatures
  An iron troll (D:15)
  2 wizards (D:15)
  5 unseen horrors
  2 deep trolls
  A phantasmal warrior (D:11)
  A necromancer (D:15)
  2 orc knights (D:14)
  3 manticores
  2 deep elf magi (D:15)
  6 ugly things
  A cyclops (D:13)
  Joseph (D:10)
  4 centaur skeletons
  Psyche (D:9)
  Maurice (D:8)
  A kobold demonologist (D:9)
  A freezing wraith (D:11)
  3 yaktaurs (Depths:1)
  6 trolls
  A wolf spider simulacrum (D:15)
  A hornet (shapeshifter) (D:15)
  5 hippogriffs
  2 dream sheep (D:10)
  A centaur simulacrum (D:15)
  A vampire (D:13)
  2 wyverns (D:13)
  A water elemental (D:14)
  Eustachio (D:6)
  18 yaks
  A wraith (D:11)
  4 fire elementals (D:12)
  3 hungry ghosts (D:12)
  Menkaure (D:6)
  4 wargs (D:14)
  Edmund (D:5)
  3 hell hounds (D:12)
  A water moccasin (D:12)
  2 acid dragons
  6 orc warriors
  A hornet zombie (D:15)
  An ice beast (D:8)
  A sky beast (D:10)
  A black bear (D:6)
  2 necrophages
  9 ogres
  A phantom (D:6)
  A crocodile (D:12)
  10 centaurs
  8 big kobolds
  13 bullfrogs
  8 scorpions
  A wyvern skeleton (D:15)
  30 killer bees
  10 howler monkeys
  8 wights
  An electric eel (D:14)
  5 crimson imps
  2 bullfrog zombies (D:6)
  3 centaur zombies
  4 hounds
  3 quasits
  2 jellies
  26 orc wizards
  5 orc priests
  An iron imp (D:4)
  3 bullfrog skeletons
  An iguana (D:11)
  8 worker ants
  A killer bee zombie (D:9)
  3 hound skeletons
  A worker ant zombie (D:10)
  14 adders
  4 shadow imps
  2 oozes
  An adder skeleton (D:6)
  A worm (D:4)
  3 dart slugs
  9 leopard geckos
  42 orcs
  A ball python (D:6)
  12 giant cockroaches
  5 goblins
  7 hobgoblins
  14 jackals
  36 kobolds
  6 quokkas
  6 bats
  6 frilled lizards
  2 jackal skeletons
  8 kobold skeletons (D:9)
  10 kobold zombies (D:9)
  A leopard gecko skeleton (D:4)
  A leopard gecko zombie (D:8)
  18 rats
514 creatures vanquished.

Vanquished Creatures (others)
  An orc wizard (D:10)
1 creature vanquished.

Grand Total: 515 creatures vanquished

Notes
Turn   | Place    | Note
-------+----------+-------------------------------------------
     0 | D:1      | senseless the Minotaur Fighter began the quest for the Orb.
     0 | D:1      | Reached XP level 1. HP: 19/19 MP: 0/0
    76 | D:1      | Reached XP level 2. HP: 24/27 MP: 1/1
   319 | D:1      | Reached XP level 3. HP: 33/33 MP: 2/2
   585 | D:2      | Reached skill level 4 in Shields
   719 | D:2      | Reached XP level 4. HP: 36/40 MP: 3/3
   760 | D:2      | Found a bloodstained altar of Trog.
   803 | D:2      | Found a shadowy altar of Dithmenos.
  1341 | D:3      | Reached skill level 5 in Shields
  1341 | D:3      | Reached XP level 5. HP: 39/46 MP: 4/4
  1810 | D:4      | Reached skill level 5 in Maces & Flails
  1810 | D:4      | Reached skill level 1 in Dodging
  1836 | D:4      | Reached XP level 6. HP: 10/52 MP: 5/5
  2110 | D:4      | Found a staircase to the Ecumenical Temple.
  2128 | Temple   | Entered the Ecumenical Temple
  2352 | D:4      | Reached skill level 5 in Armour
  2485 | D:4      | Reached XP level 7. HP: 39/60 MP: 6/6
  2539 | D:4      | Found a snail-covered altar of Cheibriados.
  2545 | D:4      | Became a worshipper of Cheibriados the Contemplative
  2688 | D:4      | Found a snail-covered altar of Cheibriados.
  2722 | D:5      | Entered Level 5 of the Dungeon
  2743 | D:5      | Found a shattered altar of Ashenzari.
  2761 | D:5      | Reached skill level 6 in Shields
  2971 | D:5      | Noticed Edmund
  2978 | D:5      | Killed Edmund
  3271 | D:6      | Reached * piety under Cheibriados
  3271 | D:6      | Reached skill level 7 in Shields
  3288 | D:6      | Reached XP level 8. HP: 64/67 MP: 7/7
  3310 | D:6      | Noticed Eustachio
  3363 | D:6      | Reached skill level 5 in Fighting
  3371 | D:6      | Killed Eustachio
  3371 | D:6      | Reached skill level 8 in Shields
  3683 | D:6      | Noticed Menkaure
  3689 | D:6      | Killed Menkaure
  3968 | D:6      | Reached ** piety under Cheibriados
  4220 | D:7      | Reached skill level 9 in Shields
  4220 | D:7      | Reached XP level 9. HP: 16/74 MP: 4/8
  4676 | D:7      | Noticed an unseen horror
  4679 | D:7      | Killed an unseen horror
  4679 | D:7      | Reached skill level 1 in Stealth
  4837 | D:7      | Reached skill level 10 in Shields
  4880 | D:7      | Reached *** piety under Cheibriados
  5029 | D:8      | Noticed Harold
  5045 | D:8      | Killed Harold
  5045 | D:8      | Reached XP level 10. HP: 41/83 MP: 4/9
  5353 | D:8      | Reached skill level 10 in Maces & Flails
  5380 | D:8      | Reached skill level 11 in Shields
  5679 | D:8      | Noticed Maurice
  5687 | D:8      | Killed Maurice
  5864 | D:8      | Found a burning altar of Makhleb.
  5864 | D:8      | Noticed an Executioner
  5870 | D:8      | Found a glowing silver altar of Zin.
  5870 | D:8      | Noticed an angel
  5926 | D:8      | Reached **** piety under Cheibriados
  6185 | D:8      | Reached skill level 12 in Shields
  6300 | D:9      | Found a white marble altar of Elyvilon.
  6308 | D:9      | Found a deep blue altar of Sif Muna.
  6308 | D:9      | Found a blossoming altar of Fedhas.
  6313 | D:9      | Found a basalt altar of Yredelemnul.
  6400 | D:9      | Found a sparkling altar of Nemelex Xobeh.
  6417 | D:9      | Found a staircase to the Lair.
  6456 | D:9      | Noticed Psyche
  6464 | D:9      | Killed Psyche
  6582 | D:9      | Reached ***** piety under Cheibriados
  6601 | D:9      | Found an ancient bone altar of Kikubaaqudgha.
  6602 | D:9      | Noticed a smoke demon
  6607 | D:9      | Noticed a sixfirhy
  6614 | D:9      | Noticed a sixfirhy
  6920 | D:10     | Entered Level 10 of the Dungeon
  6964 | D:10     | Noticed an ogre mage
  6977 | D:10     | Killed an ogre mage
  6977 | D:10     | Reached skill level 13 in Shields
  6977 | D:10     | Reached XP level 11. HP: 43/92 MP: 4/10
  7220 | D:10     | Reached ****** piety under Cheibriados
  7340 | D:10     | Noticed a two-headed ogre
  7345 | D:10     | Killed a two-headed ogre
  7361 | D:10     | Noticed Joseph
  7369 | D:10     | Killed Joseph
  7449 | D:10     | Noticed a three-headed hydra
  7455 | D:10     | Killed a three-headed hydra
  7611 | D:10     | Reached skill level 14 in Shields
  7881 | D:11     | Noticed a five-headed hydra
  7881 | D:11     | Noticed a five-headed hydra
  7894 | D:11     | Killed a five-headed hydra
  7898 | D:11     | Killed a five-headed hydra
  7945 | D:11     | Noticed a minotaur
  7946 | D:11     | Noticed davaitedunem's ghost (journeyman MiBe)
  7970 | D:11     | Noticed a red ugly thing
  7973 | D:11     | Killed a red ugly thing
  8128 | D:11     | Noticed a death knight
  8130 | D:11     | Noticed a phantasmal warrior
  8143 | D:11     | Killed a death knight
  8143 | D:11     | Reached XP level 12. HP: 55/103 MP: 6/11
  8335 | D:11     | Reached skill level 15 in Shields
  8496 | D:11     | Found a runed translucent gate.
  8496 | D:11     | Found a runed translucent gate.
  8496 | D:11     | Found a runed translucent gate.
  8695 | D:11     | Gained mutation: Scrolls take you a little longer to read.
                  | [potion of mutation]
  8695 | D:11     | Gained mutation: You can translocate small distances at
                  | will. [potion of mutation]
  8696 | D:11     | Lost mutation: You can translocate small distances at will.
                  | [potion of mutation]
  8696 | D:11     | Lost mutation: Scrolls take you a little longer to read.
                  | [potion of mutation]
  8696 | D:11     | Gained mutation: Your spells are a little harder to cast,
                  | but a little more powerful. [potion of mutation]
  8696 | D:11     | Gained mutation: You have a somewhat thin skeletal
                  | structure. (Dex +2, Stealth) [potion of mutation]
  8696 | D:11     | Gained mutation: You are agile. (Dex +2) [potion of
                  | mutation]
  8696 | D:11     | Gained mutation: Your muscles are strong. (Str +2) [potion
                  | of mutation]
  8913 | D:11     | Killed davaitedunem's ghost
  8922 | D:11     | Killed a minotaur
  9276 | D:12     | Noticed Erolcha
  9286 | D:12     | Killed Erolcha
  9318 | D:12     | Noticed Azrael
  9335 | D:12     | Killed Azrael
  9335 | D:12     | Reached skill level 10 in Armour
  9346 | D:12     | Reached skill level 16 in Shields
  9346 | D:12     | Noticed Fannar
  9399 | D:12     | Killed Fannar
  9402 | D:12     | Reached skill level 5 in Dodging
  9663 | D:12     | Found a staircase to the Orcish Mines.
  9960 | D:13     | Identified the Incunabulum of Captivating Unholy Rituals
 10085 | D:13     | Reached XP level 13. HP: 113/113 MP: 12/12
 10273 | D:13     | Reached skill level 10 in Fighting
 10635 | D:14     | Reached skill level 17 in Shields
 10745 | D:14     | Found a portal to a secret trove of treasure.
 10756 | D:14     | Found a gate to the Vaults.
 11072 | D:14     | Got a steaming flail
 11073 | D:14     | Identified the +10 flail of Utsybbim {holy, *Rage +Inv rN+
                  | Str+8} (You found it on level 14 of the Dungeon)
 11203 | D:15     | Entered Level 15 of the Dungeon
 11736 | D:15     | Reached skill level 18 in Shields
 11868 | D:15     | Found a staircase to the Depths.
 11879 | D:15     | Reached XP level 14. HP: 113/124 MP: 9/13
 12018 | Depths:1 | Entered Level 1 of the Depths
 12122 | Depths:1 | Reached skill level 15 in Maces & Flails
 12310 | Depths:1 | Noticed a vampire knight
 12321 | Depths:1 | Noticed a green very ugly thing
 12322 | Depths:1 | Noticed a green very ugly thing
 12332 | Depths:1 | Noticed a green very ugly thing
 12337 | Depths:1 | Noticed a fire giant
 12338 | Depths:1 | HP: 4/124 [fire giant/fireball (17)]
 12340 | Depths:1 | Noticed a green very ugly thing
 12340 | Depths:1 | Mangled by a spark wasp

Skill      XL: |  1  2  3  4  5  6  7  8  9 10 11 12 13 14 |
---------------+-------------------------------------------+-----
Armour         | 4 5 6 7 8 9 10 11 | 11.3
Maces & Flails | 3 4 5 6 7 8 9 11 12 14 15 | 15.0
Shields        | 4 5 7 9 10 13 14 16 18 | 18.6
Fighting       | 4 5 6 7 8 9 11 | 11.2
Dodging        | 1 2 3 4 5 |  5.3
Stealth        | 1 |  1.0
Invocations    | |  0.5

Action                   |  1- 3 |  4- 6 |  7- 9 | 10-12 | 13-15 || total
-------------------------+-------+-------+-------+-------+-------++-------
Melee: Flail             |    98 |   158 |   276 |   753 |   299 ||  1584
       Headbutt          |    14 |    35 |    63 |   276 |   127 ||   515
Invok: Bend Time         |       |       |     2 |       |       ||     2
       Temporal Distorti |       |       |     1 |       |       ||     1
  Use: Scroll            |       |       |     9 |    17 |     5 ||    31
       Potion            |       |       |     3 |     3 |       ||     6
  Eat: Chunk             |       |     5 |     7 |    10 |     5 ||    27
Armor: Scale mail        |    59 |    50 |    69 |       |       ||   178
       Plate armour      |       |       |    20 |   162 |    79 ||   261
Dodge: Dodged            |    23 |    18 |    78 |   134 |   103 ||   356
Block: Shield            |    30 |       |       |       |       ||    30
       Large shield      |    49 |   145 |   344 |   848 |   416 ||  1802
